 Dungeon Crawl Stone Soup version 0.27.1-3-gb3d3a73c9e (webtiles) character file.

Game seed: 3071388120642232121

429 H0rd4k the Charlatan (level 7, -1/51 HPs)
             Began as a Human Artificer on Oct 12, 2021.
             Slain by an ufetubus (4 damage)
             ... on level 6 of the Dungeon.
             The game lasted 00:06:25 (5389 turns).

H0rd4k the Charlatan (Human Artificer)              Turns: 5389, Time: 00:06:27

Health: -1/51      AC:  3    Str: 13    XL:     7   Next: 19%
Magic:  7/7        EV: 12    Int: 13    God:
Gold:   106        SH:  5    Dex: 13    Spells: 6/6 levels left

rFire    . . .     SeeInvis .   f - +2 dagger (venom)
rCold    . . .     Faith    .   (no shield)
rNeg     + . .     Spirit   .   b - +0 leather armour
rPois    .         Reflect  +   (no helmet)
rElec    .         Harm     .   (no cloak)
rCorr    .         Rampage  .   (no gloves)
Will     .....                  (no boots)
Stlth    +.........             o - amulet of reflection
HPRegen  0.17/turn              l - ring of positive energy
MPRegen  0.10/turn              (no ring)

@: lethally poisoned (-1 -> -13), lit by a corona, glowing
A: no striking features
a: no special abilities


You were on level 6 of the Dungeon.
You visited 1 branch of the dungeon, and saw 6 of its levels.

You collected 106 gold pieces.

Inventory:

Hand Weapons
 f - a +2 dagger of venom (weapon)
 g - a +0 dagger
 v - the +5 mace of Menledd {vorpal, rF+ Dex+4}
   (You found it on level 5 of the Dungeon)

   It inflicts extra damage upon your enemies.
   Dex:       It affects your dexterity (+4).
   rF:        It protects you from fire.
Armour
 b - a +0 leather armour (worn)
Magical Staves
 h - a staff of air
Jewellery
 l - a ring of positive energy (left hand)
 o - an amulet of reflection (around neck)
 u - an amulet of magic regeneration
 z - a +6 ring of strength
Wands
 c - a wand of flame (12) (quivered)
 r - a wand of acid (10)
Scrolls
 a - 2 scrolls of identify
 i - a scroll of amnesia {unknown}
 j - a scroll of teleportation {unknown}
 k - 2 scrolls of enchant armour {unknown}
 m - a scroll of torment {unknown}
 w - a scroll of blinking {unknown}
 x - a scroll of fear {unknown}
 y - a scroll of vulnerability {unknown}
Potions
 p - a potion of berserk rage
 q - 2 potions of brilliance {unknown}
 s - a potion of flight {unknown}
 t - a potion of degeneration {unknown}
Miscellaneous
 e - a piece from Xom's chessboard (15/15)


   Skills:
 + Level 2.8 Fighting
 + Level 3.4 Short Blades
 - Level 2.0 Armour
 + Level 3.3 Dodging
 - Level 1.0 Stealth
 + Level 0.3 Shields
 + Level 4.8 Evocations


You had 6 spell levels left.
You didn't know any spells.
Your spell library contained the following spells:

 Spells                   Type           Power      Damage    Failure   Level
 Slow                     Hex            0%         N/A       52%         2
 Static Discharge         Conj/Air       0%         N/A       52%         2
 Confusing Touch          Hex            0%         N/A       75%         3
 Vampiric Draining        Necr           0%         2d6       75%         3
 Dispel Undead            Necr           0%         3d6       98%         4
 Sticky Flame             Conj/Fire      0%         2d3       98%         4


Dungeon Overview and Level Annotations

Branches:
Dungeon (6/15)
 Temple: D:4-7

Altars:
Ashenzari
Uskayaw

Shops:
D:5 *

Annotations:
D:5 exclusion: upstairs, Edmund


Message History

Aim: a gnoll, wielding a +0 club (chance to affect: 69%)
The phantom is charmed.
The now-empty wand crumbles to dust.
The orc wizard shouts!
The ufetubus shouts!
The orc wizard casts a spell at you. The magic dart hits you!
* * * LOW HITPOINT WARNING * * *
Unknown command.
An orc comes into view. It is wielding a +0 trident.
It was a potion of curing.
You feel better.
The orc shouts!
You hear a shout!
The orc wizard casts a spell.
The orc wizard flickers and vanishes!
Deactivating autopickup; reactivate with Ctrl-A.
The gnoll closely misses your phantom. The gnoll hits you with a +0 club.
* * * LOW HITPOINT WARNING * * *
Your phantom barely misses the gnoll.
You feel better.
An orc comes into view. It is wielding a +0 club.
You block the orc's attack. You block the gnoll's attack.
Your phantom hits the gnoll.
Your phantom blinks!
The gnoll blinks!
You block the ufetubus's attack. The ufetubus hits you.
* * * LOW HITPOINT WARNING * * *
As you read the scroll labelled TIYRUS TERCHOI, it crumbles to dust.
It is a scroll of identify.
p - a potion of berserk rage The gnoll shaman looks more healthy.
You kill the gnoll!
The orc closely misses you. The ufetubus barely misses you.
The ufetubus hits you but does no damage.
The gnoll closely misses you.
Unknown command.
The ufetubus closely misses you. The ufetubus barely misses you.
The orc hits you with a +0 whip.
* * * LOW HITPOINT WARNING * * *
The orc hits you with a +0 short sword of venom.
* * * LOW HITPOINT WARNING * * *
You are lethally poisoned!
The ufetubus hits you.
You die...

....# .##
....##..##
#..o#....
#......# #.o...#
#.....# #oo..#
#g@..# #. #.5.##
##...####.g..##
......g<.ยง..W.#
.......####...)#
####.## ##....#
# ...... ..#...#
..#...#


You could see a gnoll shaman, a gnoll, 4 orcs, an ufetubus (ally target) and a
friendly phantom (charmed).

Vanquished Creatures
  A scorpion (D:3)
  Dowan (D:5)
  An iguana (D:3)
  4 adders
  6 gnolls
  3 worms
  2 dart slugs (D:1)
  An orc (D:4)
  3 bats
  5 endoplasms
  2 giant cockroaches
  6 goblins
  3 hobgoblins
  5 ball pythons
  3 frilled lizards
  6 kobolds
  6 rats
58 creatures vanquished.

Vanquished Creatures (collateral kills)
  Duvessa (D:5)
  An orc priest (D:5)
  A gnoll shaman (D:5)
  3 orc wizards (D:5)
  5 gnolls
  5 orcs (D:5)
  A goblin (D:2)
  A hobgoblin (D:2)
  A frilled lizard (D:2)
19 creatures vanquished.

Vanquished Creatures (others)
  A jelly (D:5)
  2 gnolls (D:5)
3 creatures vanquished.

Grand Total: 80 creatures vanquished

Notes
Turn   | Place    | Note
-------+----------+-------------------------------------------
     0 | D:1      | H0rd4k the Human Artificer began the quest for the Orb.
     0 | D:1      | Reached XP level 1. HP: 15/15 MP: 1/1
   327 | D:1      | Reached XP level 2. HP: 11/21 MP: 2/2
  1202 | D:1      | Reached XP level 3. HP: 26/26 MP: 3/3
  1437 | D:1      | HP: 1/39 [poisoned by a kobold]
  1934 | D:2      | Reached skill level 4 in Evocations
  2072 | D:1      | Reached XP level 4. HP: 15/32 MP: 4/4
  2276 | D:2      | Reached skill level 1 in Short Blades
  2921 | D:2      | Reached XP level 5. HP: 33/38 MP: 5/5
  3029 | D:2      | Found a faded altar of an unknown god.
  3602 | D:3      | Reached XP level 6. HP: 25/44 MP: 6/6
  4575 | D:4      | Found a hide-covered altar of Uskayaw.
  4612 | D:4      | Found a broken altar of Ashenzari.
  4622 | D:4      | Noticed a sky beast
  4655 | D:5      | Entered Level 5 of the Dungeon
  4890 | D:5      | Noticed Duvessa
  4890 | D:5      | Noticed Dowan
  4913 | D:5      | Killed Dowan
  5062 | D:5      | Noticed Edmund
  5068 | D:5      | Identified the +5 mace of Menledd {vorpal, rF+ Dex+4}
  5278 | D:5      | Reached XP level 7. HP: 49/51 MP: 7/7
  5298 | D:5      | Killed Duvessa
  5315 | D:5      | Found Faoducke's Assorted Antiques.
  5389 | D:6      | Slain by an ufetubus

Illustrated notes

Levels and vault maps discovered:
D:1:      dpeg_arrival_rooms_c, layout_basic
D:2:      layout_basic, hellmonk_ecumenical_altar_heavens_door,
          grunt_ministairs_14
D:3:      layout_basic
D:4:      layout_loops_ring, good_gods_temple_1,
          mainiacjoe_overflow_tiny_flanked, eat_drink_and_be_merry_uskayaw,
          led_sif_book, grunt_ministairs_10
D:5:      layout_loops_cross, mainiacjoe_overflow_24_doors,
          lemuel_crystal_altar, serial_shops, nicolae_shop_stone,
          hangedman_decor_riveting, uniq_duvessa, uniq_edmund
D:6:      layout_layer_cave, lemuel_doored_altar, minmay_quadrilaterals

Skill      XL: |  1  2  3  4  5  6 |
---------------+-------------------+-----
Evocations     | 4 |  4.8
Short Blades   | 1 2 3 |  3.4
Dodging        | 2 3 |  3.3
Fighting       | 2 |  2.8
Armour         | |  2.0
Stealth        | |  1.0
Shields        | |  0.3

Action                   |  1- 3 |  4- 6 |  7- 9 || total
-------------------------+-------+-------+-------++-------
Melee: Club              |    10 |       |       ||    10
       Dagger            |    92 |   135 |    10 ||   237
Evoke: Wand              |     2 |     8 |     8 ||    18
  Use: Potion            |     2 |       |     2 ||     4
       Scroll            |       |       |     1 ||     1
 Stab: Sleeping          |     3 |     1 |       ||     4
Armor: Leather armour    |    25 |    29 |     3 ||    57
       Skin              |     4 |       |       ||     4
Dodge: Dodged            |    52 |    55 |     9 ||   116
Block: Other             |       |    13 |    10 ||    23
